 Dungeon Crawl Stone Soup version 0.27.0-1-g7a089689b8 (webtiles) character file.

Game seed: 11734980924643317701

95 Strat the Slasher (level 4, -1/35 HPs)
             Began as a Human Warper on Aug 9, 2021.
             Killed from afar by Natasha (3 damage)
             ... with a magic dart
             ... on level 2 of the Dungeon.
             The game lasted 00:07:07 (1509 turns).

Strat the Slasher (Human Warper)                    Turns: 1509, Time: 00:07:09

Health: -1/35      AC:  4    Str: 13    XL:     4   Next: 97%
Magic:  7/7        EV: 11    Int: 13    God:
Gold:   123        SH:  0    Dex: 12    Spells: 5/7 levels left

rFire    . . .     SeeInvis .   a - +0 falchion
rCold    . . .     Faith    .   (no shield)
rNeg     . . .     Spirit   .   b - +0 leather armour
rPois    .         Reflect  .   (no helmet)
rElec    .         Harm     .   (no cloak)
rCorr    .         Rampage  .   l - +0 pair of gloves
Will     .....                  (no boots)
Stlth    +.........             (no amulet)
HPRegen  0.11/turn              (no ring)
MPRegen  0.10/turn              (no ring)

@: no status effects
A: no striking features
a: no special abilities


You were on level 2 of the Dungeon.
You visited 1 branch of the dungeon, and saw 2 of its levels.

You collected 123 gold pieces.

Inventory:

Hand Weapons
 a - a +0 falchion (weapon)
Missiles
 d - 3 boomerangs of dispersal
 e - 79 stones (quivered)
 g - 3 curare-tipped darts
Armour
 b - a +0 leather armour (worn)
 l - a +0 pair of gloves (worn)
Scrolls
 c - a scroll of blinking
 f - 2 scrolls of teleportation {unknown}
 j - a scroll of holy word {unknown}
 k - a scroll of identify {unknown}
 m - 2 scrolls of immolation {unknown}
 o - a scroll of enchant armour {unknown}
Potions
 n - a potion of invisibility {unknown}


   Skills:
 + Level 3.0 Fighting
 * Level 4.1 Long Blades
 - Level 1.0 Throwing
 - Level 1.0 Armour
 - Level 2.0 Dodging
 - Level 2.0 Spellcasting
 - Level 3.0 Translocations


You had 5 spell levels left.
You knew the following spells:

 Your Spells              Type           Power      Damage    Failure   Level
a - Blink                 Tloc           N/A        N/A       14%         2

Your spell library contained the following spells:

 Spells                   Type           Power      Damage    Failure   Level
 Gell's Gravitas          Tloc           4%         N/A       28%         3
 Lesser Beckoning         Tloc           4%         N/A       28%         3
 Teleport Other           Tloc           9%         N/A       28%         3
 Manifold Assault         Tloc           9%         N/A       95%         5


Dungeon Overview and Level Annotations

Branches:
Dungeon (2/15)

Altars:

Annotations:
D:2 Natasha


Message History

You hit Natasha but do no damage.
Natasha is heavily wounded.
Natasha claws you but does no damage. x2
You closely miss Natasha.
Natasha is heavily wounded.
Natasha casts a spell.
You hit Natasha.
Natasha is severely wounded.
The crimson imp puffs mist at you.
Natasha stares at you and mumbles some strange words.
The magic dart hits you.
* * * LOW HITPOINT WARNING * * *
You barely miss Natasha.
Natasha is severely wounded.
The iron imp hits you.
* * * LOW HITPOINT WARNING * * *
Natasha casts a spell at you.
The magic dart hits you but does no damage.
You barely miss Natasha.
Natasha is severely wounded.
The iron imp shouts, "Embrace thy dedition, thou twisted ill-nurtured bootlicker!"
The iron imp hits you.
* * * LOW HITPOINT WARNING * * *
The crimson imp blinks!
Natasha mumbles some strange words.
You hit Natasha.
Natasha is almost dead.
The iron imp hits you but does no damage.
Natasha claws you but does no damage. The white imp hits you.
* * * LOW HITPOINT WARNING * * *
The white imp freezes you.
* * * LOW HITPOINT WARNING * * *
You closely miss Natasha.
Natasha is almost dead.
You feel less wooden.
Your +0 pair of gloves unmelds from your body.
Your +0 leather armour unmelds from your body.
Natasha stares at you and mumbles some strange words.
The magic dart hits you.
You die...

#h# #.# #.# ...#######.#
.........|.# ######.####
#.# #h# ######## #######@#
#....... ......55# #.#####.
#######5# #####.#####. #
#.# #........... .#
.######.#####.###.#####. .#
..............# #.#####. .#
#...######.#####.###.......
## #...#
#........#..######## #...#
#.#.##.##.#.# #


You could see an iron imp (summoned), Natasha, a crimson imp (summoned) and a
white imp (summoned).

Vanquished Creatures
  2 adders (D:2)
  3 gnolls (D:2)
  3 worms (D:2)
  A dart slug (D:2)
  A ball python (D:1)
  2 bats (D:1)
  2 endoplasms
  2 goblins (D:1)
  2 hobgoblins (D:1)
  6 jackals
  4 quokkas
  7 kobolds
  A rat (D:1)
  A spectral hobgoblin (D:1)
37 creatures vanquished.

Notes
Turn   | Place    | Note
-------+----------+-------------------------------------------
     0 | D:1      | Strat the Human Warper began the quest for the Orb.
     0 | D:1      | Reached XP level 1. HP: 16/16 MP: 3/3
   122 | D:1      | Reached XP level 2. HP: 19/22 MP: 5/5
   301 | D:1      | Found a faded altar of an unknown god.
   535 | D:1      | Reached XP level 3. HP: 28/28 MP: 6/6
   561 | D:2      | Reached skill level 3 in Long Blades
   716 | D:1      | Learned a level 2 spell: Blink
   988 | D:2      | Reached XP level 4. HP: 30/34 MP: 7/7
  1203 | D:2      | Reached skill level 4 in Long Blades
  1476 | D:2      | Noticed Natasha
  1509 | D:2      | Killed from afar by Natasha

Illustrated notes

Levels and vault maps discovered:
D:1:      dpeg_arrival_simpleton_c, layout_loops_ring,
          dreamdust_ecumenical_altar_drowned_temple
D:2:      layout_loops_cross, minmay_pentomino_v2, uniq_natasha

Skill      XL: |  1  2  3  4 |
---------------+-------------+-----
Long Blades    | 3 4 |  4.1
Fighting       | 3 |  3.0
Throwing       | |  1.0
Armour         | |  1.0
Dodging        | |  2.0
Spellcasting   | |  2.0
Translocations | |  3.0

Action                   |  1- 3 |  4- 6 || total
-------------------------+-------+-------++-------
Melee: Falchion          |    91 |    47 ||   138
Throw: Stone             |     7 |     5 ||    12
       Boomerang         |    21 |    10 ||    31
       Dart              |       |     2 ||     2
  Use: Potion            |       |     1 ||     1
Armor: Leather armour    |    31 |     6 ||    37
       Skin              |       |    11 ||    11
Dodge: Dodged            |    70 |    22 ||    92
       Rpst.: Falchion   |    20 |     5 ||    25
